 Dungeon Crawl Stone Soup version 0.27-a0-1500-g450c7e4133 (webtiles) character file.

Game seed: 13917759727142262703

14 lunkers the Cudgeller (level 2, -2/29 HPs)
             Began as an Ogre Warper on July 8, 2021.
             Slain by an orc (7 damage)
             ... on level 2 of the Dungeon.
             The game lasted 00:00:41 (953 turns).

lunkers the Cudgeller (Ogre Warper)                  Turns: 953, Time: 00:00:41

Health: -2/29      AC:  3    Str: 14    XL:     2   Next: 45%
Magic:  5/5        EV:  9    Int: 14    God:
Gold:   44         SH:  0    Dex:  8    Spells: 5/5 levels left

rFire    . . .     SeeInvis +   a - +0 mace
rCold    . . .     Faith    .   (no shield)
rNeg     + . .     Spirit   .   b - +0 robe
rPois    .         Reflect  .   (helmet restricted)
rElec    .         Harm     .   (no cloak)
rCorr    .         Rampage  .   (gloves unavailable)
Will     .....                  (boots unavailable)
Stlth    +.........             (no amulet)
HPRegen  0.09/turn              h - ring of see invisible
MPRegen  0.09/turn              g - ring of positive energy

@: no status effects
A: large, unfitting armour, tough skin 1
a: no special abilities


You were on level 2 of the Dungeon.
You visited 1 branch of the dungeon, and saw 2 of its levels.

You collected 44 gold pieces.

Inventory:

Hand Weapons
 a - a +0 mace (weapon)
Missiles
 d - 5 boomerangs of dispersal
Armour
 b - a +0 robe (worn)
Jewellery
 g - a ring of positive energy (right hand)
 h - a ring of see invisible (left hand)
Scrolls
 c - a scroll of blinking
Potions
 e - a potion of lignification {unknown}
 f - a potion of cancellation {unknown}
 i - a potion of curing {unknown}


   Skills:
 + Level 2.7 Fighting
 * Level 2.7 Maces & Flails
 - Level 1.0 Throwing
 - Level 2.1 Dodging
 - Level 2.4 Spellcasting
 - Level 2.6 Translocations


You had 5 spell levels left.
You didn't know any spells.
Your spell library contained the following spells:

 Spells                   Type           Power      Damage    Failure   Level
 Blink                    Tloc           N/A        N/A       12%         2
 Gell's Gravitas          Tloc           4%         N/A       22%         3
 Lesser Beckoning         Tloc           4%         N/A       22%         3
 Teleport Other           Tloc           9%         N/A       22%         3
 Manifold Assault         Tloc           9%         N/A       91%         5


Dungeon Overview and Level Annotations

Branches:
Dungeon (2/15)

Altars:


Innate Abilities, Weirdness & Mutations

You are too large for most types of armour.
You have tough skin. (AC +1)


Message History

There is a stone staircase leading down here.
You climb downwards.
A goblin and a hobgoblin come into view.
The goblin shouts!
The hobgoblin shouts!
You hear a shout!
There is a stone staircase leading up here.
There are monsters nearby!
Found a scroll labelled SIABYT SIUMOLA.
A goblin is nearby!
An orc comes into view. It is wielding a +0 trident.
The orc shouts!
The goblin hits you but does no damage.
Found a stone staircase leading down.
You hit the goblin.
The goblin is moderately wounded.
The goblin hits you with a +0 club.
You sock the goblin!
You kill the goblin!
You closely miss the hobgoblin.
The hobgoblin hits you but does no damage.
The orc hits you from afar with a +0 trident.
The hobgoblin hits you.
You barely miss the hobgoblin.
The orc hits you from afar with a +0 trident.
The hobgoblin barely misses you. The orc closely misses you.
You hit the hobgoblin.
You kill the hobgoblin!
The orc hits you from afar with a +0 trident.
* * * LOW HITPOINT WARNING * * *
A bat comes into view.
The orc hits you with a +0 trident.
* * * LOW HITPOINT WARNING * * *
You closely miss the orc. The bat barely misses you.
The orc hits you but does no damage.
You closely miss the orc. The bat completely misses you.
The orc hits you with a +0 trident.
* * * LOW HITPOINT WARNING * * *
You barely miss the orc. The bat hits you but does no damage. The bat hits you.
* * * LOW HITPOINT WARNING * * *
The bat barely misses you. The orc hits you with a +0 trident!
You die...

###### #
....#+#.#
#......###
###.<.......
#.......####
#o@†........
......)b..#######
..#.#........
.......###....
#.#.#.#.. ....
.......# .?.
#.#.#.#.# ###
.>......#


You could see an orc and a bat.

Vanquished Creatures
  3 bats (D:1)
  2 giant cockroaches (D:1)
  2 goblins
  A hobgoblin (D:2)
  2 kobolds (D:1)
  A quokka (D:1)
  A ball python (D:1)
  A rat (D:1)
13 creatures vanquished.

Notes
Turn   | Place    | Note
-------+----------+-------------------------------------------
     0 | D:1      | lunkers the Ogre Warper began the quest for the Orb.
     0 | D:1      | Reached XP level 1. HP: 22/22 MP: 3/3
   512 | D:1      | Reached XP level 2. HP: 25/29 MP: 5/5
   953 | D:2      | Slain by an orc

Illustrated notes

Levels and vault maps discovered:
D:1:      minmay_arrival_radiant_lines, layout_basic
D:2:      layout_basic, serial_shops, nicolae_shop_behind_doors,
          nicolae_shop_crystal, shop, hellmonk_ecumenical_altar_run_dry,
          st_stairs_2, minmay_lizard_king

Skill      XL: |  1 |
---------------+----+-----
Maces & Flails | 2 |  2.7
Fighting       | |  2.7
Throwing       | |  1.0
Dodging        | |  2.1
Spellcasting   | |  2.4
Translocations | |  2.6

Action                   || total
-------------------------++-------
Melee: Mace              ||    61
Armor: Robe              ||    39
Dodge: Dodged            ||    36

Table legend: (Time is in decaauts)
 A = Elapsed time spent in this place.
 B = Non-inter-level travel time spent in this place.
 C = Inter-level travel time spent in this place.
 D = Time resting spent in this place.
 E = Time spent auto-exploring this place.
 F = Levels seen in this place.
 G = Mean time per level.
                   A        B        C        D        E       F      G
               +--------+--------+--------+--------+--------+-----+--------+
         Total |    968 |    946 |     22 |      0 |    819 |   2 |  484.0 |
       Dungeon |    968 |    946 |     22 |      0 |    819 |   2 |  484.0 |
               +--------+--------+--------+--------+--------+-----+--------+

Top non-repeatable levels by time:
     D:1: 955 daAuts
     D:2: 13 daAuts
